 Dungeon Crawl Stone Soup version 0.19-a0-1740-g0bcaf2e (webtiles) character file.

149 wazuzu the Twirler (level 5, 29/38 HPs)
             Began as a Demonspawn Gladiator on Oct 1, 2016.
             Quit the game on level 3 of the Dungeon.
             The game lasted 00:05:54 (2149 turns).

wazuzu the Twirler (Demonspawn Gladiator)           Turns: 2149, Time: 00:05:55

Health: 29/38      AC:  7    Str: 16    XL:     5   Next: 9%
Magic:  5/5        EV: 13    Int:  9    God:
Gold:   191        SH:  0    Dex: 14    Spells: 0 memorised, 4 levels left

rFire  . . .     SeeInvis +     a - +1 quarterstaff
rCold  . . .     Gourm    .     p - +1 robe {MR+}
rNeg   . . .     Faith    .     (shield currently unavailable)
rPois  .         Spirit   .     c - +0 helmet
rElec  .         Dismiss  .     (no cloak)
rCorr  .         Reflect  .     s - +0 pair of gloves
MR     +....     Harm     .     (no boots)
Stlth  +++.......               (no amulet)
                                k - ring of see invisible
                                l - ring of stealth

@: no status effects
A: yellow scales 1, nightstalker 1, powered by pain 1
a: no special abilities


You were on level 3 of the Dungeon.
You were not hungry.

You visited 1 branch of the dungeon, and saw 3 of its levels.

You collected 191 gold pieces.

Inventory:

Hand Weapons
 a - a +1 quarterstaff (weapon)
Armour
 c - a +0 helmet (worn)
 p - a +1 robe of magic resistance (worn)
 s - a +0 pair of gloves (worn)
Jewellery
 k - a ring of see invisible (right hand)
 l - a ring of stealth (left hand)
Scrolls
 b - a scroll of identify
 g - a scroll of teleportation
 h - a scroll of fog {unknown}
 i - a scroll of fear {unknown}
 n - 4 scrolls of remove curse
 r - a scroll of enchant weapon
Potions
 d - a potion of invisibility
 e - 2 potions of curing
 o - a potion of brilliance
Comestibles
 f - 4 bread rations
 m - a slice of pizza
 q - 10 chunks of flesh


   Skills:
 - Level 2.0 Fighting
 + Level 5.3 Staves
 - Level 1.7 Throwing
 - Level 2.6 Dodging


You had 4 spell levels left.
You didn't know any spells.

Dungeon Overview and Level Annotations

Branches:
Dungeon (3/15)

Altars:


Innate Abilities, Weirdness & Mutations

You are partially covered in yellow scales. (AC +2)
You are slightly more attuned to the shadows.
You sometimes gain a little power by taking damage.


Message History

The orc priest is almost dead.
The orc priest misses you. The orc completely misses you.
You hit the orc priest but do no damage.
The orc priest is almost dead.
The orc priest closely misses you. The orc hits you but does no damage.
You hit the orc priest but do no damage.
The orc priest is almost dead.
The orc priest hits you. The orc barely misses you.
Some of the chunks of flesh in your inventory have rotted away.
You hit the orc priest.
You kill the orc priest!
You have reached level 5!
Your demonic ancestry asserts itself...
You slip into the darkness of the dungeon.
The orc closely misses you.
You sock the orc!
You kill the orc!
No target in view!
No target in view!
Are you sure you want to abandon this character and quit the game? (Confirm with "yes".)

#.........P.....
#...PP.P≈≈......
#...P..≈≈≈.P.P.
#.....♣≈≈≈≈P.≈%
#.....≈≈≈≈≈≈[≈≈
#....≈≈≈≈≈≈≈≈
≈...#
#..?.≈≈≈≈≈≈≈≈
..#..
#..).♣≈≈≈≈≈≈
....#
#.@)..≈≈≈≈≈
.....
#.[#..≈≈≈≈≈
.P...
##.#....≈≈.
.P... #....P....
..... #.........
..... #.#.####..
..... ..#.. ..
..... ###..
..... ##.##


There were no monsters in sight!

Vanquished Creatures
  An orc priest (D:3)
  4 adders
  2 dart slugs
  4 leopard geckos
  10 orcs (D:3)
  7 bats
  4 giant cockroaches
  6 goblins
  7 hobgoblins
  A quokka (D:2)
  3 ball pythons
  5 frilled lizards
  5 kobolds
  8 rats
67 creatures vanquished.

Notes
Turn   | Place    | Note
-------+----------+-------------------------------------------
     0 | D:1      | wazuzu the Demonspawn Gladiator began the quest for the Orb.
     0 | D:1      | Reached XP level 1. HP: 16/16 MP: 1/1
   154 | D:1      | Reached skill level 3 in Staves
   424 | D:1      | Gained mutation: You sometimes gain a little power by taking damage. [demonic ancestry]
   424 | D:1      | Reached XP level 2. HP: 22/22 MP: 2/2
  1231 | D:2      | Reached XP level 3. HP: 27/27 MP: 3/3
  1317 | D:2      | Reached skill level 4 in Staves
  1597 | D:2      | Gained mutation: You are partially covered in yellow scales. (AC +2) [demonic ancestry]
  1597 | D:2      | Reached XP level 4. HP: 24/33 MP: 4/4
  2083 | D:3      | Reached skill level 5 in Staves
  2147 | D:3      | Gained mutation: You are slightly more attuned to the shadows. [demonic ancestry]
  2147 | D:3      | Reached XP level 5. HP: 28/38 MP: 5/5
  2149 | D:3      | Quit the game

Vault maps used:
D:1:      minmay_arrival_widening_spiral_wide, minmay_cut_off
D:2:      hangedman_abyss_or_decor_lesser_grid
D:3:      first_bread, guppyfry_early_lair_pool

Skill      XL: |  1  2  3  4 |
---------------+-------------+-----
Staves         | 3 4 5 |  5.3
Fighting       | |  2.0
Throwing       | |  1.7
Dodging        | |  2.6

Action                   |  1- 3 |  4- 6 || total
-------------------------+-------+-------++-------
Melee: Quarterstaff      |   129 |    63 ||   192
  Use: Scroll            |     3 |     4 ||     7
 Stab: Sleeping          |     5 |     1 ||     6
       Distracted        |       |     1 ||     1
  Eat: Chunk             |     2 |     2 ||     4
Armor: Leather armour    |    29 |     1 ||    30
       Robe              |       |     5 ||     5
Dodge: Dodged            |    77 |    41 ||   118
